 Dungeon Crawl Stone Soup version 0.21.1-1-g345015f (webtiles) character file.

11552 Fang the Cleaver (level 11, 0/72 HPs)
             Began as a Gargoyle Berserker on June 5, 2018.
             Was a High Priest of Trog.
             Slain by an unseen horror (4 damage)
             ... on level 11 of the Dungeon.
             The game lasted 00:19:07 (15520 turns).

Fang the Cleaver (Gargoyle Berserker)              Turns: 15520, Time: 00:19:07

Health: 0/72       AC: 14    Str: 24    XL:     11   Next: 79%
Magic:  11/11      EV: 15    Int:  8    God:    Trog [*****.]
Gold:   900        SH:  0    Dex:  9    Spells: 10/10 levels left

rFire    . . .     SeeInvis .   k - +1 battleaxe (drain)
rCold    + . .     Gourm    .   (shield currently unavailable)
rNeg     + . .     Faith    .   E - +1 robe {rC+}
rPois    ∞         Spirit   .   (no helmet)
rElec    +         Reflect  .   (no cloak)
rCorr    +         Harm     .   (no gloves)
MR       +....                  H - +2 pair of boots
Stlth    +++.......             (no amulet)
HPRegen  0.22/turn              e - ring of resist corrosion
MPRegen  0.12/turn              y - ring of protection from magic

@: no status effects
A: negative energy resistance 1, electricity resistance, unbreathing,
petrification resistance, rot immunity, AC +8
a: Berserk, Trog's Hand, Brothers in Arms, Burn Spellbooks, Renounce Religion


You were on level 11 of the Dungeon.
You worshipped Trog.
Trog was extremely pleased with you.
You were not hungry.

You visited 2 branches of the dungeon, and saw 12 of its levels.
You also visited: Ossuary.

You collected 900 gold pieces.

Inventory:

Hand Weapons
 a - a +1 hand axe
 k - a +1 battleaxe of draining (weapon)
 C - a +2 hand axe of flaming
Armour
 E - a +1 robe of cold resistance (worn)
 H - a +2 pair of boots (worn)
Jewellery
 e - a ring of resist corrosion (left hand)
 y - a ring of protection from magic (right hand)
Wands
 o - a wand of disintegration (32)
 q - a wand of flame (73)
 s - a wand of scattershot (4)
 u - a wand of paralysis (28)
 B - a wand of polymorph (13)
 D - a wand of random effects (20)
Scrolls
 b - a scroll of blinking
 d - 5 scrolls of identify
 f - 3 scrolls of fear
 h - 6 scrolls of teleportation
 i - 8 scrolls of remove curse
 l - a scroll of fog
 F - a scroll of magic mapping {unknown}
Potions
 g - 2 potions of agility
 j - 7 potions of curing
 m - 2 potions of invisibility
 n - 2 potions of lignification
 r - 4 potions of flight
 t - a potion of ambrosia
 v - 3 potions of heal wounds
 w - 2 potions of cancellation
 x - 3 potions of might
 z - a potion of resistance
 A - 2 potions of magic
Books
 p - a book of Burglary

   Spells                             Type                      Level
   a - Swiftness                      Charms/Air                   2
   b - Passwall                       Transmutation/Earth          2
   c - Passage of Golubria            Translocation                4
   d - Lee's Rapid Deconstruction     Earth                        5
   e - Darkness                       Hexes                        6
   f - Invisibility                   Hexes                        6
   Trog disapproves of the use of such an item.
Comestibles
 c - 23 rations


   Skills:
 + Level 10.0 Fighting
 + Level 12.0 Axes
 + Level 2.3 Armour
 + Level 7.1 Dodging
 + Level 6.0 Stealth


You had 10 spell levels left.
You didn't know any spells.

Dungeon Overview and Level Annotations

Branches:
Dungeon (11/15)            Temple (1/1) D:7            Lair (0/6) D:8
    Orc (0/2) D:10

Altars:
Ashenzari
Cheibriados
Dithmenos
Elyvilon
Fedhas
Gozag
Hepliaklqana
Kikubaaqudgha
Makhleb
Nemelex Xobeh
Okawaru
Qazlal
Ru
Sif Muna
Trog
Uskayaw
Vehumet
Wu Jian
Xom
Yredelemnul
Zin
The Shining One


Innate Abilities, Weirdness & Mutations

You are resistant to torment.
Your stone body is resilient. (AC +8)
You are immune to poison.
You resist negative energy. (rN+)
You are resistant to electric shocks. (rElec)
You can survive without breathing.
You are immune to petrification.
You are immune to rotting.


Message History

Something barely misses you. Something hits you.
* * * LOW HITPOINT WARNING * * *
Something hits you.
* * * LOW HITPOINT WARNING * * *
You barely miss something. Something hits you.
* * * LOW HITPOINT WARNING * * *
Something hits you.
* * * LOW HITPOINT WARNING * * *
Things that are here:
a glaive of flaming; a chain mail Something hits you but does no damage.
Items here: )) †† a falchion; a whip; an orc corpse x2
Something barely misses you. Something hits you!
* * * LOW HITPOINT WARNING * * *
Something hits you but does no damage. x2
Something hits you.
You die...

#. #.# #.# #.# #.#
#.###.# #.# #
##..###.##.# #.# #
.....#...#.# #.###
#.#....#..####### #
#.... #.(.#............
.# #....
.###....#..####.## ..
#.###
........[#)####.###.#.#
#.# #
#####...))...@........#
#.# #
##..)#............# #.#
# ##.#######.###.#. #.#
# #.# #.# #. #.# # #.#
#.# .# # ... . #.# #.#
.#. #.# # #.#######.#
#.# #.# #.........#
#.####.###
#########.#####.........


There were no monsters in sight!

Vanquished Creatures
  Fannar (D:10)
  A two-headed ogre (D:11)
  An unseen horror (D:11)
  The ghost of Fang the Cleaver, a novice GrBe of Trog (D:6)
  Pikel (D:5)
  Psyche (D:10)
  A komodo dragon (D:8)
  A troll (D:11)
  Grinder (D:3)
  Eustachio (D:6)
  A spriggan (D:7)
  2 shadows (D:11)
  A wyvern (D:9)
  A wraith (D:11)
  6 yaks (D:9)
  A steam dragon (D:7)
  A hungry ghost (D:7)
  Grum (D:9)
  Menkaure (D:5)
  3 wargs (D:10)
  A water moccasin (D:6)
  2 ice beasts
  3 sky beasts
  A black bear (D:9)
  6 orc warriors
  An eye of draining (D:8)
  7 centaurs
  2 wolves (D:9)
  2 phantoms
  2 big kobolds
  Blork the orc (D:6)
  2 elf zombies (Ossuary)
  2 bullfrogs (D:6)
  A gnoll sergeant (D:9)
  A scorpion (D:10)
  9 wights
  4 howler monkeys
  4 crimson imps
  3 centaur zombies
  2 quasits
  2 centaur skeletons
  A bullfrog skeleton (D:10)
  6 hounds
  2 jellies
  A human zombie (Ossuary)
  8 orc priests
  8 orc wizards
  Natasha (thrice) (D:3)
  4 worker ants
  3 big kobold zombies (Ossuary)
  A hound zombie (D:7)
  A hound skeleton (D:6)
  2 mummies (Ossuary)
  2 worker ant zombies
  17 gnolls
  A howler monkey zombie (D:5)
  12 adders
  3 shadow imps
  An ooze (D:3)
  2 adder skeletons
  2 adder zombies
  2 dart slugs
  5 worms
  5 leopard geckos
  28 orcs
  4 giant cockroaches
  13 goblins
  9 hobgoblins
  13 jackals
  7 quokkas
  10 bats
  7 frilled lizards
  2 goblin zombies (Ossuary)
  7 hobgoblin zombies (Ossuary)
  2 jackal skeletons
  A jackal zombie (Ossuary)
  15 kobolds
  10 kobold zombies (Ossuary)
  A leopard gecko skeleton (D:8)
  A leopard gecko zombie (D:5)
  10 orc zombies (Ossuary)
  9 rats
327 creatures vanquished.

Vanquished Creatures (others)
  6 plants (D:8)
6 creatures vanquished.

Grand Total: 333 creatures vanquished

Notes
Turn   | Place    | Note
-------+----------+-------------------------------------------
     0 | D:1      | Fang the Gargoyle Berserker began the quest for the Orb.
     0 | D:1      | Reached XP level 1. HP: 14/14 MP: 1/1
   177 | D:1      | Reached XP level 2. HP: 16/19 MP: 2/2
   327 | D:1      | Reached skill level 3 in Axes
   502 | D:1      | Reached XP level 3. HP: 10/24 MP: 3/3
   834 | D:1      | Reached ** piety under Trog
  1381 | D:2      | Reached XP level 4. HP: 19/29 MP: 4/4
  2192 | D:2      | Reached XP level 5. HP: 33/33 MP: 5/5
  2567 | D:3      | Noticed Grinder
  2573 | D:3      | Paralysed by Grinder for 6 turns
  2583 | D:3      | Killed Grinder
  2583 | D:3      | Reached skill level 4 in Axes
  2583 | D:3      | Reached skill level 1 in Stealth
  2583 | D:3      | Reached XP level 6. HP: 36/39 MP: 6/6
  2719 | D:3      | Reached *** piety under Trog
  3114 | D:3      | Noticed Natasha
  3128 | D:3      | Killed Natasha
  3402 | D:3      | Noticed an air elemental
  3412 | D:3      | Noticed Natasha
  3416 | D:3      | Killed Natasha
  3416 | D:3      | Reached skill level 5 in Axes
  3762 | D:3      | Found a stormy altar of Qazlal.
  3763 | D:3      | Noticed a water elemental
  3819 | D:3      | Found a deep blue altar of Sif Muna.
  4204 | D:3      | Noticed a fire elemental
  4270 | D:3      | Noticed Natasha
  4276 | D:3      | Killed Natasha
  4276 | D:3      | Reached skill level 5 in Fighting
  4276 | D:3      | Reached XP level 7. HP: 44/44 MP: 7/7
  4866 | D:4      | Reached skill level 6 in Axes
  5143 | D:4      | Found a bloodstained altar of Trog.
  5573 | D:5      | Entered Level 5 of the Dungeon
  5640 | D:5      | Reached XP level 8. HP: 28/50 MP: 8/8
  6501 | D:5      | Found an ornate altar of the Wu Jian Council.
  6552 | D:5      | Noticed Menkaure
  6562 | D:5      | Killed Menkaure
  6921 | D:5      | Noticed Pikel
  6933 | D:5      | Killed Pikel
  6933 | D:5      | Reached skill level 7 in Axes
  7160 | D:6      | Found a sparkling altar of Nemelex Xobeh.
  7336 | D:6      | Noticed Fang's ghost (novice GrBe)
  7354 | D:6      | Killed Fang's ghost
  7354 | D:6      | Reached skill level 8 in Axes
  7354 | D:6      | Reached XP level 9. HP: 56/56 MP: 0/9
  7941 | D:6      | Noticed Blork the orc
  7949 | D:6      | Killed Blork the orc
  7949 | D:6      | Reached skill level 5 in Dodging
  7974 | D:6      | Noticed Eustachio
  8016 | D:6      | Found a hide-covered altar of Uskayaw.
  8060 | D:6      | Killed Eustachio
  8308 | D:6      | Reached **** piety under Trog
  8714 | D:7      | Found a blossoming altar of Fedhas.
  8715 | D:7      | Found an opulent altar of Gozag.
  8911 | D:7      | Found a staircase to the Ecumenical Temple.
  8948 | D:7      | Found a sand-covered staircase.
  9019 | Ossuary  | Entered an ossuary
  9187 | Ossuary  | Received a gift from Trog
  9570 | D:7      | Found a white marble altar of Elyvilon.
  9628 | D:7      | Reached skill level 9 in Axes
  9628 | D:7      | Reached XP level 10. HP: 60/64 MP: 10/10
  9959 | D:7      | Found an ancient bone altar of Kikubaaqudgha.
 10264 | Temple   | Entered the Ecumenical Temple
 10670 | D:8      | Reached ***** piety under Trog
 10886 | D:8      | Found a staircase to the Lair.
 10977 | D:8      | Reached skill level 5 in Stealth
 12108 | D:9      | Found a sacrificial altar of Ru.
 12199 | D:9      | Reached skill level 10 in Axes
 13106 | D:9      | Reached XP level 11. HP: 59/71 MP: 11/11
 13311 | D:9      | Noticed Grum
 13332 | D:9      | Killed Grum
 13332 | D:9      | Reached skill level 11 in Axes
 13425 | D:10     | Entered Level 10 of the Dungeon
 13653 | D:10     | Noticed Fannar
 13667 | D:10     | Killed Fannar
 13785 | D:10     | Noticed Psyche
 13796 | D:10     | Killed Psyche
 13796 | D:10     | Received a gift from Trog
 14069 | D:10     | Found a staircase to the Orcish Mines.
 14213 | D:11     | Killed an unseen horror
 14450 | D:11     | Noticed a two-headed ogre
 14460 | D:11     | Killed a two-headed ogre
 15074 | D:11     | Reached skill level 10 in Fighting
 15310 | D:11     | Reached skill level 12 in Axes
 15518 | D:11     | HP: 3/72 [something (9)]
 15520 | D:11     | Slain by an unseen horror

Skill      XL: |  1  2  3  4  5  6  7  8  9 10 11 |
---------------+----------------------------------+-----
Axes           | 3 4 5 6 8 9 10 12 | 12.0
Dodging        | 2 3 4 5 6 7 |  7.1
Fighting       | 4 5 6 7 9 10 | 10.0
Stealth        | 1 2 3 4 5 6 |  6.0
Armour         | |  2.3

Action                   |  1- 3 |  4- 6 |  7- 9 | 10-12 || total
-------------------------+-------+-------+-------+-------++-------
Melee: Hand axe          |   108 |   173 |   564 |   404 ||  1249
       Battleaxe         |       |       |       |   111 ||   111
Invok: Berserk           |       |     8 |     8 |    13 ||    29
  Use: Scroll            |       |       |    10 |    11 ||    21
       Potion            |       |       |       |     1 ||     1
 Stab: Sleeping          |       |     2 |     6 |     7 ||    15
  Eat: Chunk             |     1 |    12 |    11 |    20 ||    44
       Ration            |       |     1 |     5 |     4 ||    10
Armor: Animal skin       |    46 |    53 |   188 |   101 ||   388
       Robe              |       |       |       |    99 ||    99
Dodge: Dodged            |    91 |    89 |   377 |   324 ||   881
